 Dungeon Crawl Stone Soup version 0.24.0-123-gd5b16e6ec5 (webtiles) character file.

Game seed: 7630259847047657512, levelgen mode: deterministic

219364 MisterOstroum the Fencer (level 19, -7/167 HPs)
             Began as a Barachi Berserker on Jan 29, 2020.
             Was a High Priest of Trog.
             Shot with an arrow by a naga sharpshooter (15 damage)
             ... led by Vashnia
             ... on level 2 of the Snake Pit.
             The game lasted 01:00:07 (36343 turns).

MisterOstroum the Fencer (Barachi Berserker)       Turns: 36343, Time: 01:00:08

Health: -7/167     AC: 41    Str: 31    XL:     19   Next: 14%
Magic:  28/28      EV: 23    Int:  8    God:    Trog [*****.]
Gold:   1165       SH:  8    Dex: 20    Spells: 18/18 levels left

rFire    x . .     SeeInvis +   a - +7 scimitar "Luplaiz" {flame, rPois Str+3 Stlth-}
rCold    + . .     Gourm    .   n - +2 buckler
rNeg     . . .     Faith    +   r - +2 plate armour {MR+}
rPois    +         Spirit   .   u - +2 helmet {SInv}
rElec    .         Reflect  .   M - +2 cloak
rCorr    +         Harm     .   C - +2 pair of gloves "Baugoph" {rF- rCorr Str+2 Slay+5}
MR       ++...                  T - +1 pair of boots of the Hare {rC+ Dex+3}
Stlth    ..........             d - amulet of faith
HPRegen  0.37/turn              F - +4 ring of protection
MPRegen  0.21/turn              i - +5 ring of protection

@: agile, can't hop, slow
A: +LOS, swims, slowness 1, strong legs 2
}: 1/15 runes: decaying
a: Hop, Berserk, Trog's Hand, Brothers in Arms, Renounce Religion


You were on level 2 of the Snake Pit.
You worshipped Trog.
Trog was extremely pleased with you.
You were not hungry.

You visited 5 branches of the dungeon, and saw 29 of its levels.
You visited 1 bazaar.
You also visited: Bailey and Ice Cave.

You collected 2881 gold pieces.
You spent 1716 gold pieces at shops.

Inventory:

Hand Weapons
 a - the +7 scimitar "Luplaiz" (weapon) {flame, rPois Str+3 Stlth-}
   (You took it off an orc on level 6 of the Dungeon)

   It has been specially enchanted to burn those struck by it, causing extra
   injury to most foes and up to half again as much damage against particularly
   susceptible opponents.
   Big, fiery blades are also staple armaments of hydra-hunters.
   It affects your strength (+3).
   It protects you from poison.
   It makes you less stealthy.
 J - a +3 antimagic demon blade
Missiles
 p - 5 curare-tipped darts
 B - 5 throwing nets {!f}
 K - 29 javelins
 O - 6 silver javelins (quivered)
Armour
 n - a +2 buckler (worn)
 r - a +2 plate armour of magic resistance (worn)
 u - a +2 helmet of see invisible (worn)
 C - the +2 pair of gloves "Baugoph" (worn) {rF- rCorr Str+2 Slay+5}
   (You bought it in a shop on level 15 of the Dungeon)

   It affects your strength (+2).
   It affects your accuracy and damage with ranged weapons and melee attacks
   (+5).
   It makes you vulnerable to fire.
   It provides partial protection from all sources of acid and corrosion.
 M - a +2 cloak (worn)
 T - the +1 pair of boots of the Hare (worn) {rC+ Dex+3}
   (You found it in a bailey)

   It affects your dexterity (+3).
   It protects you from cold.
 W - a +2 pair of gloves
Jewellery
 d - an amulet of faith (around neck)
 i - a +5 ring of protection (right hand)
 F - a +4 ring of protection (left hand)
Wands
 b - a wand of clouds (7)
 c - a wand of scattershot (2)
 g - a wand of paralysis (9)
 h - a wand of acid (10)
 s - a wand of enslavement (5)
 A - a wand of random effects (16)
 N - a wand of iceblast (46)
 P - a wand of polymorph (6)
 U - a wand of digging (7)
Scrolls
 l - 2 scrolls of summoning
 m - 15 scrolls of teleportation {@r3 !r}
 t - 3 scrolls of magic mapping {@r5 !r}
 v - 5 scrolls of fog {!r}
 w - 2 scrolls of blinking {@r4}
 x - 3 scrolls of fear {!r}
 y - 3 scrolls of identify {@r1}
 V - 5 scrolls of remove curse {@r2}
 Y - a scroll of silence
Potions
 f - 7 potions of might {@q3 !q}
 j - 4 potions of heal wounds {@q2 !q}
 o - 6 potions of lignification {@q6}
 q - 9 potions of curing {@q1 !q}
 z - 6 potions of agility {@q5 !q}
 D - 2 potions of cancellation
 E - a potion of berserk rage
 G - 5 potions of haste {@q4 !q}
 H - 2 potions of flight
 Q - a potion of ambrosia
 S - 3 potions of invisibility
 X - 2 potions of mutation
 Z - 2 potions of magic
Miscellaneous
 k - a sack of spiders
Comestibles
 e - 38 rations


   Skills:
 * Level 19.2 Fighting
   Level 4.3(13.0) Short Blades
 * Level 19.7(19.8) Long Blades
 - Level 4.0 Throwing
 + Level 14.2 Armour
 + Level 13.3 Dodging
 - Level 4.0 Shields
 + Level 13.0 Evocations


You had 18 spell levels left.
You didn't know any spells.
Your spell library contained the following spells:

 Spells                   Type           Power        Failure   Level  Hunger
 Irradiate                Conj/Tmut      #.........   100%        5    ######.
 Hydra Form               Tmut           #.........   100%        6    #######
 Statue Form              Tmut/Erth      #........    100%        6    #######
 Dragon Form              Tmut           #.........   100%        7    #######
 Dragon's Call            Summ           #.........   100%        9    #######


Dungeon Overview and Level Annotations

Branches:
Dungeon (15/15)            Temple (0/1) D:4            Lair (6/6) D:8
  Swamp (4/4) Lair:4        Snake (2/4) Lair:2        Slime (0/5) Lair:6
    Orc (2/2) D:10            Elf (0/3) Orc:2        Vaults (0/5) D:14
 Depths (0/5) D:15         Bailey (visited)           IceCv (visited)

Altars:
Cheibriados
Dithmenos
Elyvilon
Fedhas
Hepliaklqana
Kikubaaqudgha
Makhleb
Nemelex Xobeh
Okawaru
Trog
Uskayaw
Vehumet
Wu Jian
Xom
Yredelemnul
Beogh
Jiyva

Shops:
D:15 [   Orc:2 [[}%(

Annotations:
D:10 1 runed translucent door
D:12 2 transporters, 1 runed translucent door, exclusion: door, fritzmikael's ghost, journeyman DrWr
Snake:2 Vashnia
Orc:2 2 transporters, kakkapete22's ghost, journeyman GrFi


Innate Abilities, Weirdness & Mutations

Shadows flee at your approach. (+LOS)
You can swim through water.
You cover ground slowly.
You can hop long distances.


Message History

You kill the naga mage!
Trog accepts your kill.
Trog appreciates your killing of a magic user.
You hear a shout! x2
You feel sick.
The naga shouts!
You block the naga's attack. The naga grabs you. The naga constricts you.
Items here: ( )) [ a +0 spear; a cursed +0 robe; 2 arrows; a +0 mace You hit the naga.
You burn the naga.
The naga is moderately wounded.
The naga spits poison at you. You block the splash of poison.
The naga constricts you.
You cut the naga into ribbons!!! You burn the naga!
You kill the naga!
Trog accepts your kill.
You slice the naga!! You burn the naga!
You kill the naga!
Trog accepts your kill.
You feel sick.
Items here: )) [[ ††† There isn't anything edible to butcher here.
You feel a strong urge to attack something.
You are no longer berserk.
You are exhausted.
You feel yourself slow down.
You feel sick.
You eat one of the 39 rations.
That ration really hit the spot!
You feel sick.
You start resting.
You feel sick. x3
You are no longer poisoned.
You start resting.
You feel yourself speed up.
Vashnia the Elite Marksnaga comes into view.
She is wielding a +2 battleaxe of electrocution and wearing a +0 naga barding of cold resistance.
Your two-headed ogre goes berserk!
You feel quite a bit more hungry.
Vashnia shouts!
You hear a shout!
Vashnia unwields a +2 battleaxe of electrocution.
It stops crackling.
Vashnia wields a +4 arbalest.
Vashnia shoots a bolt.
The bolt hits your two-headed ogre!!
Okay, then.
Unknown command.
Press: ? - help, v - describe, . - travel
Here: Vashnia, wielding a +4 arbalest and wearing a +0 naga barding of cold resistance The floor.
Your two-headed ogre completely misses Vashnia.
Your two-headed ogre closely misses Vashnia.
Evoke which item? (* to show all) (? for menu, Esc to quit)
Okay, then.
Unknown command.
Hop to where?
Press: ? - help, Dir - move target cursor Boing!
A naga sharpshooter comes into view. It is wielding a +0 battleaxe.
The naga sharpshooter shouts!
Your two-headed ogre misses Vashnia.
Your two-headed ogre hits Vashnia with a +0 giant spiked club!
Vashnia shoots a bolt.
The bolt hits you!!
* * * LOW HITPOINT WARNING * * *
Okay, then.
Unknown command.
Okay, then.
Unknown command.
You feel more experienced!
Your Fighting skill increases to level 19!
You have reached level 19!
You recover from your berserk rage.
Your two-headed ogre barely misses Vashnia.
Your two-headed ogre hits Vashnia with a +0 giant spiked club!
A naga sharpshooter comes into view. It is wielding a +0 flail.
Vashnia spits poison at you. You block the splash of poison.
Your two-headed ogre completely misses Vashnia.
Your two-headed ogre barely misses Vashnia.
Really quaff
z - 7 potions of agility {@q5 !q}?
You feel agile all of a sudden.
The naga sharpshooter unwields a +0 flail.
The naga sharpshooter wields a +0 longbow of freezing.
It is covered in frost.
The naga sharpshooter casts a spell.
The naga sharpshooter magically shoots an arrow.
The arrow hits you!
* * * LOW HITPOINT WARNING * * *
The arrow freezes you.
* * * LOW HITPOINT WARNING * * *
Your two-headed ogre misses Vashnia.
Your two-headed ogre hits Vashnia with a +0 giant spiked club!
Vashnia casts a spell.
Vashnia magically shoots a bolt.
The bolt hits you!!
* * * LOW HITPOINT WARNING * * *
The naga sharpshooter unwields a +0 battleaxe.
The naga sharpshooter wields a +0 longbow.
The naga sharpshooter gestures wildly while chanting.
The naga sharpshooter magically shoots an arrow.
The arrow hits you.
* * * LOW HITPOINT WARNING * * *
The naga sharpshooter casts a spell.
The naga sharpshooter magically shoots an arrow.
The arrow hits you!
You die...

#.÷...#........†NN..
#.....##.....####S##
#.....###.(.># #N#
##N.N.# ##...# #§#
##N..# ##..# #.#
#.### #(## #.# #.#
##)#####(##
#N######.)))()(...
#@O°......########
########..# #..#
####


You could see Vashnia, 3 naga sharpshooters and a friendly two-headed ogre
(berserk).

Vanquished Creatures
  the Lernaean hydra (Swamp:4)
  An Ice Fiend (IceCv)
  A thorn hunter (Swamp:4)
  Kirke (Swamp:3)
  Roxanne (Swamp:4)
  A very ugly thing (Swamp:2)
  Nessos (D:15)
  Azrael (D:12)
  8 naga warriors
  Fannar (Lair:1)
  22 hydras
  6 vault guards (D:14)
  5 shambling mangroves
  2 ghost crabs
  3 catoblepae
  8 alligators
  6 anacondas
  5 centaur warriors
  6 two-headed ogres
  A tengu warrior (D:14)
  4 shock serpents
  4 orc high priests (Orc:2)
  3 death yaks (Lair:5)
  4 naga sharpshooters
  A storm dragon zombie (D:15)
  Nergalle (D:10)
  2 skeletal warriors (D:15)
  A spriggan druid (Swamp:2)
  A flayed ghost (D:15)
  4 swamp dragons
  A wizard (D:13)
  2 naga ritualists
  A tengu zombie (D:15)
  2 necromancers
  3 orc knights (Orc:1)
  An obsidian statue (D:12)
  A wolf spider zombie (D:14)
  3 deep elf magi
  9 ugly things
  7 mana vipers
  2 orc sorcerers
  2 salamanders
  2 oklob plants
  The ghost of Squonk the Skirmisher, a novice OgHu (D:5)
  6 cyclopes
  A manticore (D:14)
  2 guardian serpents (Snake:2)
  18 black mambas
  A fire giant skeleton (D:15)
  2 elephants (Lair:3)
  Joseph (D:10)
  8 naga magi
  A torpor snail (Lair:3)
  A gargoyle (D:12)
  32 spiny frogs
  3 rime drakes
  2 kobold demonologists
  5 ice devils (IceCv)
  7 freezing wraiths (IceCv)
  9 komodo dragons
  3 anaconda simulacra (IceCv)
  A redback zombie (D:14)
  3 tengu conjurers
  3 trolls (Orc:1)
  16 tyrant leeches
  A polar bear (Lair:6)
  11 hornets
  Grinder (D:6)
  12 bog bodies
  A spriggan zombie (D:15)
  17 blink frogs (Lair:6)
  8 slime creatures
  7 hippogriffs
  5 spriggans
  4 shadows
  A water elemental (D:13)
  A centaur simulacrum (D:14)
  2 vampires
  62 yaks
  Sigmund (D:2)
  2 wraiths
  5 wyverns
  4 basilisks
  3 fire elementals (D:12)
  3 hogs (Swamp:3)
  2 steam dragons
  3 hungry ghosts
  14 vampire mosquitoes
  Menkaure (D:4)
  12 nagas
  4 harpy simulacra (IceCv)
  6 insubstantial wisps (Swamp:2)
  3 soldier ants (D:10)
  Edmund (D:4)
  2 iron troll simulacra (IceCv)
  2 wargs
  9 swamp worms
  An acid dragon (D:12)
  5 hydra simulacra (IceCv)
  13 water moccasins
  2 hell hounds (D:12)
  6 porcupines
  21 orc warriors
  3 black bears
  3 sky beasts
  2 ice beasts
  An ettin simulacrum (IceCv)
  8 swamp drakes
  3 phantoms
  A boggart (Lair:6)
  A necrophage (D:11)
  8 ogres
  13 wolves
  12 centaurs
  16 crocodiles
  27 bullfrogs
  A gnoll sergeant (D:6)
  3 wyvern zombies
  4 scorpions
  10 killer bees (D:10)
  A troll zombie (Swamp:3)
  3 electric eels
  8 wights (D:11)
  5 howler monkeys
  A draconian simulacrum (IceCv)
  8 crimson imps
  9 hounds
  A quasit (D:12)
  A centaur zombie (D:7)
  A gnoll shaman (D:3)
  8 jellies
  25 orc wizards
  3 bullfrog skeletons
  25 orc priests
  Natasha (thrice) (D:4)
  4 iguanas
  2 spriggan simulacra (IceCv)
  2 troll simulacra (IceCv)
  12 worker ants
  5 polar bear simulacra
  2 yak simulacra (Lair:5)
  2 wolf simulacra (Lair:5)
  A howler monkey zombie (D:8)
  24 gnolls
  19 adders
  A naga simulacrum (IceCv)
  3 ogre simulacra (IceCv)
  5 shadow imps
  A white imp (IceCv)
  6 ufetubi (IceCv)
  8 oozes
  An adder zombie (D:5)
  An adder skeleton (D:6)
  7 leopard geckos
  84 orcs
  3 ball pythons
  9 bats
  3 giant cockroaches
  12 goblins
  10 hobgoblins
  15 jackals
  3 quokkas
  3 frilled lizards (D:3)
  27 kobolds
  A quokka zombie (D:3)
  12 rats
  3 river rat simulacra (Lair:5)
  A briar patch (Swamp:4)
1036 creatures vanquished.

Vanquished Creatures (collateral kills)
  An orc warlord (Bailey)
  The ghost of Acheron the Covert, a journeyman VSAs of Okawaru (Lair:6)
  2 vault guards (D:14)
  A hydra (Swamp:4)
  An alligator (Swamp:4)
  4 swamp dragons (Swamp:4)
  A salamander (Snake:2)
  2 black mambas (Snake:2)
  A spiny frog (Lair:6)
  2 kobold demonologists (D:12)
  A slime creature (D:13)
  2 bog bodies (Swamp:4)
  A spriggan (Lair:6)
  A wyvern (D:12)
  3 yaks (Lair:6)
  A vampire mosquito (Lair:6)
  2 swamp worms
  4 swamp drakes (Swamp:4)
  3 orc warriors (Orc:2)
  A wolf (Lair:6)
  2 big kobolds (D:12)
  A bullfrog (Lair:6)
  3 orc wizards (Orc:2)
  3 orc priests (Orc:2)
  A hobgoblin (Bailey)
  2 kobolds (D:12)
47 creatures vanquished.

Vanquished Creatures (others)
  A shock serpent (Snake:2)
  A salamander (Snake:2)
  A white imp (IceCv)
  4 ufetubi (IceCv)
  An orc (D:12)
  A jackal (D:3)
  6 fungi
  23 plants (Lair:6)
  3 toadstools (D:12)
41 creatures vanquished.

Grand Total: 1124 creatures vanquished

Notes
Turn   | Place    | Note
-------+----------+-------------------------------------------
     0 | D:1      | MisterOstroum the Barachi Berserker began the quest for the
                  | Orb.
     0 | D:1      | Reached XP level 1. HP: 18/18 MP: 1/1
   563 | D:1      | Reached XP level 2. HP: 25/25 MP: 2/2
   973 | D:2      | Reached XP level 3. HP: 20/31 MP: 3/3
   982 | D:2      | Reached XP level 4. HP: 23/38 MP: 4/4
  1174 | D:2      | Reached skill level 5 in Fighting
  1174 | D:2      | Reached skill level 5 in Long Blades
  1281 | D:2      | Reached ** piety under Trog
  1329 | D:2      | Reached XP level 5. HP: 33/44 MP: 5/5
  1677 | D:2      | Found a radiant altar of Vehumet.
  1677 | D:2      | Found a snail-covered altar of Cheibriados.
  1679 | D:2      | Found a basalt altar of Yredelemnul.
  2088 | D:2      | Noticed Sigmund
  2097 | D:2      | Killed Sigmund
  2097 | D:2      | Reached skill level 1 in Evocations
  2097 | D:2      | Reached XP level 6. HP: 52/52 MP: 6/6
  2129 | D:2      | Found a faded altar of an unknown god.
  2671 | D:3      | Found an ancient bone altar of Kikubaaqudgha.
  2945 | D:3      | Found an iron altar of Okawaru.
  3026 | D:3      | Reached *** piety under Trog
  3335 | D:4      | Noticed Edmund
  3349 | D:4      | Killed Edmund
  3349 | D:4      | Reached skill level 1 in Short Blades
  3349 | D:4      | Reached XP level 7. HP: 58/58 MP: 8/8
  3350 | D:4      | Found a burning altar of Makhleb.
  3469 | D:4      | Noticed Menkaure
  3876 | D:4      | Killed Menkaure
  4109 | D:4      | Found a staircase to the Ecumenical Temple.
  4250 | D:4      | Noticed Natasha
  4263 | D:4      | Killed Natasha
  4263 | D:4      | Reached XP level 8. HP: 61/65 MP: 9/9
  4385 | D:4      | Noticed Natasha
  4394 | D:4      | Killed Natasha
  4623 | D:4      | Noticed Natasha
  4632 | D:4      | Killed Natasha
  4652 | D:5      | Entered Level 5 of the Dungeon
  4947 | D:5      | Found a runed translucent door.
  4947 | D:5      | Noticed Squonk's ghost (novice OgHu)
  5046 | D:5      | Killed Squonk's ghost
  5202 | D:6      | Reached **** piety under Trog
  5528 | D:6      | Identified the +7 scimitar "Luplaiz" {flame, rPois Str+3
                  | Stlth-}
  5544 | D:6      | Reached XP level 9. HP: 67/74 MP: 11/11
  5720 | D:6      | Reached skill level 5 in Dodging
  5885 | D:6      | Found an ornate altar of the Wu Jian Council.
  5997 | D:6      | Reached skill level 5 in Armour
  6003 | D:6      | Found a hazy altar of Hepliaklqana.
  6139 | D:6      | Noticed a +0 dagger
  6139 | D:6      | Noticed a +0 hand axe
  6142 | D:6      | Found a hide-covered altar of Uskayaw.
  6177 | D:6      | Noticed Grinder
  6183 | D:6      | Killed Grinder
  6265 | D:6      | Found a white marble altar of Elyvilon.
  6283 | D:6      | Noticed an oklob plant
  6285 | D:6      | Found a shimmering altar of Xom.
  6288 | D:6      | Killed an oklob plant
  6563 | D:6      | Found a shadowy altar of Dithmenos.
  7109 | D:7      | Received a gift from Trog
  7246 | D:7      | Reached XP level 10. HP: 83/83 MP: 13/13
  7563 | D:7      | Reached skill level 5 in Evocations
  8181 | D:8      | Found a blossoming altar of Fedhas.
  8264 | D:8      | Reached skill level 1 in Throwing
  8506 | D:8      | Found a staircase to the Lair.
  8612 | D:8      | Reached ***** piety under Trog
  8812 | D:8      | Received a gift from Trog
  9032 | D:9      | Reached skill level 10 in Fighting
  9032 | D:9      | Reached skill level 10 in Long Blades
  9536 | D:9      | Found a bloodstained altar of Trog.
  9945 | Lair:1   | Entered Level 1 of the Lair of Beasts
 10038 | Lair:1   | Noticed Fannar
 10038 | Lair:1   | Noticed a catoblepas
 10059 | Lair:1   | Killed Fannar
 10061 | Lair:1   | Killed a catoblepas
 10061 | Lair:1   | Reached XP level 11. HP: 92/92 MP: 15/15
 10559 | Lair:1   | Received a gift from Trog
 11176 | Lair:2   | Found a staircase to the Snake Pit.
 11303 | Lair:2   | Received a gift from Trog
 11307 | Lair:2   | Got a transparent short sword {god gift}
 11647 | Lair:2   | Identified the +3 short sword "Hyum" {freeze, *Rage +Blink
                  | rElec rC++} (Trog gifted it to you on level 2 of the Lair
                  | of Beasts)
 11660 | Lair:2   | Reached skill level 1 in Shields
 11919 | Lair:2   | Reached XP level 12. HP: 101/101 MP: 17/17
 12446 | Lair:3   | Noticed a five-headed hydra
 12455 | Lair:3   | Killed a one-headed hydra
 13407 | Lair:3   | Noticed a catoblepas
 13417 | Lair:3   | Killed a catoblepas
 13645 | Lair:3   | Noticed a five-headed hydra
 13652 | Lair:3   | Killed a two-headed hydra
 14723 | Lair:4   | Gained mutation: You can hop long distances. [Barachi
                  | growth]
 14723 | Lair:4   | Reached XP level 13. HP: 99/109 MP: 19/19
 15074 | Lair:4   | Found a staircase to the Swamp.
 16589 | Lair:5   | Reached skill level 10 in Armour
 16998 | Lair:5   | Received a gift from Trog
 17170 | Lair:6   | Entered Level 6 of the Lair of Beasts
 17335 | Lair:6   | Found a runed translucent door.
 17337 | Lair:6   | Noticed Acheron's ghost (journeyman VSAs)
 17338 | Lair:6   | Identified the +7 trident of Disarray {protect, MR+ Dex+3}
 17467 | Lair:6   | Reached ****** piety under Trog
 17692 | Lair:6   | Received a gift from Trog
 17958 | Lair:6   | Reached skill level 10 in Dodging
 17984 | Lair:6   | Reached XP level 14. HP: 101/119 MP: 21/21
 18357 | Lair:6   | Received a gift from Trog
 18357 | Lair:6   | Reached skill level 15 in Long Blades
 18373 | Lair:6   | Got an encrusted glaive {god gift}
 18986 | Lair:6   | Killed Acheron's ghost
 19091 | Lair:6   | Found a viscous altar of Jiyva.
 19091 | Lair:6   | Found a staircase to the Slime Pits.
 19275 | D:10     | Entered Level 10 of the Dungeon
 19285 | D:10     | Found a runed translucent gate.
 19285 | D:10     | Found a runed translucent gate.
 19286 | D:10     | Found a runed translucent gate.
 19289 | D:10     | Found a runed translucent door.
 19351 | D:10     | Found a flagged portal.
 19371 | Bailey   | Entered a bailey
 19375 | Bailey   | Noticed an orc warlord
 19482 | Bailey   | Found a runed translucent gate.
 19482 | Bailey   | Found a runed translucent gate.
 19482 | Bailey   | Found a runed translucent gate.
 19710 | Bailey   | Killed an orc warlord
 19731 | Bailey   | Identified The Intricacies of Theurgy
 19742 | Bailey   | Got a pair of dazzling boots
 19753 | Bailey   | Identified the +1 pair of boots of the Hare {rC+ Dex+3}
                  | (You found it in a bailey)
 19876 | D:10     | Found a staircase to the Orcish Mines.
 20003 | D:10     | Noticed Joseph
 20008 | D:10     | Killed Joseph
 20009 | D:10     | Noticed Nergalle
 20014 | D:10     | Killed Nergalle
 20039 | D:10     | Received a gift from Trog
 20176 | D:10     | Found the +9 staff of Olgreb {rPois}
 20274 | D:10     | Found a runed translucent door.
 20323 | D:10     | Reached skill level 10 in Evocations
 20770 | D:11     | Received a gift from Trog
 21410 | D:12     | Reached skill level 15 in Fighting
 21461 | D:12     | Noticed Azrael
 21477 | D:12     | Killed Azrael
 21486 | D:12     | Received a gift from Trog
 21849 | D:12     | Found a transporter.
 21858 | D:12     | Noticed fritzmikael's ghost (journeyman DrWr)
 21872 | D:12     | Found a transporter.
 22102 | D:12     | Found a runed translucent door.
 22134 | D:12     | Noticed a frost giant
 22207 | D:13     | Reached XP level 15. HP: 114/128 MP: 22/22
 22710 | D:13     | Identified a scroll of acquirement
 23453 | D:13     | Found a shimmering altar of Xom.
 23455 | D:13     | Found a burning altar of Makhleb.
 23455 | D:13     | Found a sacrificial altar of Ru.
 23456 | D:13     | Found a shimmering altar of Xom.
 23456 | D:13     | Found a sparkling altar of Nemelex Xobeh.
 23456 | D:13     | Found a burning altar of Makhleb.
 23621 | D:13     | Received a gift from Trog
 24111 | D:14     | Received a gift from Trog
 24541 | D:14     | Found a gate to the Vaults.
 24765 | D:15     | Entered Level 15 of the Dungeon
 24768 | D:15     | Found a staircase to the Depths.
 25058 | D:15     | Found a flickering gateway to a bazaar.
 25071 | Bazaar   | Entered a bazaar
 25071 | Bazaar   | Found Meub's Weapon Shop.
 25078 | Bazaar   | Found Bainn's Assorted Antiques.
 25105 | Bazaar   | Found Qethrof's Antique Armour Emporium.
 25114 | Bazaar   | Found Soratol's Armour Boutique.
 25159 | Bazaar   | Bought a crooked glass wand for 100 gold pieces
 25159 | Bazaar   | Bought a potion of curing for 75 gold pieces
 25247 | D:15     | Found Tibbu's Antique Armour Shoppe.
 25272 | D:15     | Bought a pair of smoking gloves for 275 gold pieces
 25282 | D:15     | Identified the +2 pair of gloves "Baugoph" {rF- rCorr Str+2
                  | Slay+5} (You bought it in a shop on level 15 of the
                  | Dungeon)
 25574 | D:15     | Noticed Nessos
 25583 | D:15     | Killed Nessos
 25929 | Orc:1    | Entered Level 1 of the Orcish Mines
 26165 | Orc:1    | Received a gift from Trog
 26846 | Orc:2    | Entered Level 2 of the Orcish Mines
 26851 | Orc:2    | Reached XP level 16. HP: 136/139 MP: 24/24
 27057 | Orc:2    | Found a roughly hewn altar of Beogh.
 27072 | Orc:2    | Found a staircase to the Elven Halls.
 27072 | Orc:2    | Found a transporter.
 27076 | Orc:2    | Noticed kakkapete22's ghost (journeyman GrFi)
 27206 | Orc:2    | Received a gift from Trog
 27230 | Orc:2    | Identified the cursed +1 great mace "Unutihaw" {antimagic,
                  | rF++}
 27231 | Orc:2    | Found a transporter.
 27695 | Orc:2    | Found Xuv Dek's Weapon Shop.
 27796 | Orc:2    | Found Ciqon's Armour Shop.
 27796 | Orc:2    | Found Xukegie's Food Boutique.
 27796 | Orc:2    | Found Tysseps's Armour Shop.
 27800 | Orc:2    | Found Bel Icumuer's Gadget Boutique.
 27803 | Orc:2    | Bought the cursed +1 fire dragon scales of the Crown
                  | {*Drain +Inv rF++ rC- MR+ Int+4} for 1266 gold pieces
 28178 | Swamp:1  | Entered Level 1 of the Swamp
 28491 | Swamp:1  | Received a gift from Trog
 30230 | Swamp:3  | Found a frozen archway.
 30258 | IceCv    | Entered an ice cave
 30654 | IceCv    | Received a gift from Trog
 30900 | IceCv    | Noticed an Ice Fiend
 30926 | IceCv    | Killed an Ice Fiend
 31702 | Swamp:3  | Found an ancient bone altar of Kikubaaqudgha.
 32200 | Swamp:3  | Noticed Kirke
 32214 | Swamp:3  | Killed Kirke
 32214 | Swamp:3  | Received a gift from Trog
 32477 | Swamp:4  | Entered Level 4 of the Swamp
 32496 | Swamp:4  | Reached XP level 17. HP: 120/149 MP: 26/26
 32782 | Swamp:4  | Got an iridescent broad axe
 32783 | Swamp:4  | Identified the +9 broad axe of the Whelk {pain, Dex+7} (You
                  | found it on level 4 of the Swamp)
 32890 | Swamp:4  | Noticed the 27-headed Lernaean hydra
 32895 | Swamp:4  | Received a gift from Trog
 32898 | Swamp:4  | Killed the 27-headed Lernaean hydra
 33162 | Swamp:4  | Noticed Roxanne
 33411 | Swamp:4  | Got a decaying rune of Zot
 33960 | Swamp:4  | Killed Roxanne
 34300 | Snake:1  | Entered Level 1 of the Snake Pit
 34993 | Snake:1  | Received a gift from Trog
 35316 | Snake:1  | Received a gift from Trog
 36087 | Snake:2  | Reached XP level 18. HP: 158/158 MP: 27/27
 36338 | Snake:2  | Noticed Vashnia
 36342 | Snake:2  | Reached XP level 19. HP: 45/167 MP: 28/28
 36343 | Snake:2  | HP: 8/167 [naga sharpshooter/arrow[Vashnia] (4)]
 36343 | Snake:2  | Shot with an arrow by a naga sharpshooter

Levels and vault maps discovered:
D:1:      enne_arrival_octagon_isle, layout_basic
D:2:      layout_loops_cross, gammafunk_temple_overflow_claw,
          chequers_ecumenical_altar_island, uniq_sigmund
D:3:      minmay_angry_zag, layout_rooms, kiku_gazebo_pond_becter,
          okawaru_gym_becter
D:4:      layout_cave_pools, minmay_temple_entry_proselytizer, bloody_makhleb,
          uniq_menkaure, uniq_edmund, uniq_natasha
D:5:      layout_rooms, hellmonk_ghost_happy_afterlife, first_ration
D:6:      layout_basic, lemuel_crystal_altar, lemuel_crystal_altar,
          dancing_weapons_uskayaw, overflow_temple_1_default,
          nicolae_overflow_crystal_walls, lemuel_oklob_altar, uniq_grinder
D:7:      layout_layer_cave, serial_co_window_serial, co_window_paths_b,
          co_window_paths_a, co_window_paths_a, co_window_paths_a,
          co_window_corner_a, co_window_of_opportunity_b,
          co_window_of_opportunity_c, co_window_corner_b, co_window_2corner,
          glass_columns_b, glass_columns_a, glass_columns_c, glass_columns_c,
          glass_columns_a
D:8:      layout_loops_ring, lair_entry_dummy, basic_altar,
          hangedman_little_slice_of_home
D:9:      layout_long_grid, trog_ov_bears_minmay
D:10:     layout_irregular_city, orc_0_dummy, enter_bailey_7,
          minmay_guarded_unrand_staff_of_olgreb, uniq_joseph, uniq_nergalle
D:11:     layout_irregular_city
D:12:     layout_basic, gammafunk_ghost_stat_death, minmay_gold_behind_fungi,
          minivault_16, minivault_13, uniq_azrael
D:13:     layout_basic, hangedman_abyss_or_decor_stagger, doesnt_xom_only_xom
D:14:     layout_cave_pools, erik_vaults_2, serial_rivers,
          chequers_serial_rivers_micro_c, chequers_serial_rivers_micro_a,
          chequers_serial_rivers_room_b, chequers_serial_rivers_micro_d
D:15:     gammafunk_depths_entry_grave, layout_basic, serial_shops,
          bzr_entry_safe, nicolae_shop_waterfront, uniq_nessos
Lair:1:   layout_roguey, uniq_fannar
Lair:2:   layout_regular_city, minmay_snake_entry_six_corridors,
          chequers_serial_rivers_room_b, beast_lair_carwin_1
Lair:3:   layout_layer_cave, minmay_shattered_shrine, lemuel_fruit_tree
Lair:4:   layout_regular_city, minmay_swamp_entry_worms,
          chequers_serial_rivers_large_b
Lair:5:   layout_hall_layers, eino_house_with_fridge, serial_bayou_shore_a
Lair:6:   minmay_lair_end_frog_pond, layout_long_grid, slime_altar_1,
          ebering_ghost_funeral_grove, nicolae_quartered_pool_super, st_stairs_7
Swamp:1:  layout_basic_swamp, serial_swamp_ruin, evilmike_swamp_ruin_house_5,
          evilmike_swamp_ruin_house_2, infiniplex_staircase_pool_2
Swamp:2:  layout_falls_marsh, hangedman_swamp_ruin_wall
Swamp:3:  layout_basic_swamp, portal_ice_cave_entry_pillars_1,
          lemuel_altar_in_water, swamp_pool4, ldierk_geyser,
          cheibrodos_swamp_minitomb, uniq_kirke
Swamp:4:  swamp_basic_johnstein, layout_basic_swamp, swamp_pool4, uniq_roxanne
Snake:1:  layout_honeycomb
Snake:2:  layout_gridlike, uniq_nikola, uniq_vashnia
Orc:1:    layout_caves
Orc:2:    st_orc_mages, layout_diamond_mine, gammafunk_ghost_smash,
          serial_shops, shop, basic_altar

Skill      XL: |  1  2  3  4  5  6  7  8  9 10 11 12 13 14 15 16 17 18 |
---------------+-------------------------------------------------------+-----
Fighting       | 4 5 6 7 9 10 11 12 13 15 16 17 18 19 | 19.2
Long Blades    | 4 5 6 7 9 11 12 13 14 15 17 18 19 | 19.7
Dodging        | 3 4 5 7 9 10 11 12 13 | 13.3
Evocations     | 1 2 3 4 6 7 8 9 10 11 12 13 | 13.0
Armour         | 3 4 5 7 8 9 10 11 12 13 14 | 14.2
Short Blades   | 1 2 4 |  4.3
Throwing       | 3 4 |  4.0
Shields        | 1 4 |  4.0

Action                   |  1- 3 |  4- 6 |  7- 9 | 10-12 | 13-15 | 16-18 | 19-21 || total
-------------------------+-------+-------+-------+-------+-------+-------+-------++-------
Melee: Falchion          |    54 |    78 |    52 |       |       |       |       ||   184
       Dagger            |       |    97 |   150 |       |       |       |       ||   247
       Unarmed           |       |       |    16 |       |       |       |       ||    16
       Scimitar          |       |       |    91 |   507 |  1144 |   801 |       ||  2543
       Triple sword      |       |       |       |       |    34 |    51 |       ||    85
Throw: Stone             |       |     6 |     6 |       |       |       |       ||    12
       Javelin           |       |       |       |       |    20 |     1 |       ||    21
       Boomerang         |       |       |       |       |    15 |       |       ||    15
       Dart              |       |       |       |       |     4 |       |       ||     4
Invok: Berserk           |       |     5 |     6 |     5 |    16 |     6 |       ||    38
       Trog's Hand       |       |     1 |     1 |       |     4 |     6 |       ||    12
       Brothers in Arms  |       |       |       |       |     6 |     7 |       ||    13
 Abil: Hop               |       |       |     1 |     1 |     8 |    10 |       ||    20
       Evoke Blink       |       |       |       |       |     1 |       |       ||     1
Evoke: Wand              |       |       |       |       |     4 |    16 |       ||    20
  Use: Scroll            |       |       |     8 |     5 |    24 |     8 |       ||    45
       Potion            |       |       |     4 |       |     1 |     3 |     1 ||     9
 Stab: Sleeping          |     2 |       |       |       |       |       |       ||     2
       Petrified         |       |       |       |     6 |     3 |       |       ||     9
       Paralysed         |       |       |       |       |     3 |       |       ||     3
       Distracted        |       |       |       |       |     1 |       |       ||     1
       Confused          |       |       |       |       |       |     1 |       ||     1
  Eat: Chunk             |       |    13 |    18 |    31 |    51 |    18 |       ||   131
       Ration            |       |       |     1 |       |     4 |     8 |       ||    13
Armor: Animal skin       |     4 |     4 |       |       |       |       |       ||     8
       Scale mail        |       |    44 |   114 |   176 |    32 |       |       ||   366
       Skin              |       |       |    23 |       |       |       |       ||    23
       Plate armour      |       |       |       |       |   489 |   465 |       ||   954
Dodge: Dodged            |    43 |   104 |   160 |   303 |   516 |   493 |       ||  1619
Block: Buckler           |       |       |       |    53 |   292 |   257 |     1 ||   603
       Rpst.: Falchion   |    14 |    25 |     4 |       |       |       |       ||    43
       Scimitar          |       |       |     8 |    97 |   114 |    94 |       ||   313
       Triple sword      |       |       |       |       |     8 |    14 |       ||    22
